General information
- name: BNet
- type: Ladder team game (AT/RT)
- host: Battle.net
- saver: DrGoodmanners
map: TurtleRock
- players: 4
- length: 39:17
- speed: Fast
- version: 1.21 W3XP
- replay type: Public
» download(195 KB)
Players
team 1 (loser)
DrGoodmanners (
blue | 88 APM | 3466 actions | 39:17)
5 Warden
2 Shadow Strike
3 Blink
3 Keeper of the Grove
1 Force of Nature
2 Entangling Roots
» actions
| Assign group hotkey | 503 | |
| Basic commands | 17 | |
| Build / train | 78 | |
| Enter build submenu | 19 | |
| Enter hero's abilities submenu | 8 | |
| Give item / drop item | 7 | |
| Right click | 2024 | |
| Select / deselect | 521 | |
| Select group hotkey | 70 | |
| Use ability | 219 | |
3466 total
» units
| Wisp | 20 | |
| Druid of the Talon | 12 | |
32 total
» upgrades
| Ultravision | 1 | |
| Nature's Blessing | 1 | |
| Druid of the Talon Training | 2 | |
| Well Spring | 1 | |
| Mark of the Talon | 1 | |
| Strength of the Wild | 2 | |
| Reinforced Hides | 2 | |
10 total
» buildings
| Altar of Elders | 1 | |
| Moon Well | 4 | |
| Tree of Ages | 2 | |
| Hunter's Hall | 1 | |
| Ancient of Wonders | 1 | |
| Ancient of Wind | 1 | |
| Tree of Eternity | 3 | |
| Tree of Life | 2 | |
15 total
» build order
00:05 Altar of Elders
00:18 Moon Well
01:23 Moon Well
01:29 Moon Well
02:58 Tree of Ages
02:59 Tree of Ages
03:20 Moon Well
04:09 Hunter's Hall
04:22 Ancient of Wonders
06:34 Ancient of Wind
08:57 Tree of Eternity
34:04 Tree of Life
34:51 Tree of Life
» items
| Staff of Teleportation | 2 | |
| Boots of Speed | 1 | |
| Tiny Great Hall | 3 | |
| Lesser Clarity Potion | 4 | |
| Orb of Venom | 1 | |
11 total
NUTSonyoCHIN.de (
red | 71 APM | 2791 actions | 39:15)
5 Blademaster
3 Wind Walk
2 Critical Strike
3 Dark Ranger
2 Silence
1 Life Drain
» actions
| Assign group hotkey | 21 | |
| Basic commands | 16 | |
| Build / train | 85 | |
| ESC pressed | 10 | |
| Enter build submenu | 136 | |
| Enter hero's abilities submenu | 8 | |
| Give item / drop item | 6 | |
| Right click | 1429 | |
| Select / deselect | 307 | |
| Select group hotkey | 510 | |
| Use ability | 263 | |
2791 total
» units
| Peon | 12 | |
| Demolisher | 5 | |
| Troll Batrider | 28 | |
45 total
» upgrades
| Spiked Barricades | 1 | |
| Ranged Weapons | 1 | |
| Reinforced Defenses | 1 | |
| Liquid Fire | 1 | |
| Burning Oil | 1 | |
5 total
» buildings
| Altar of Storms | 1 | |
| War Mill | 2 | |
| Orc Burrow | 5 | |
| Watch Tower | 114 | |
| Voodoo Lounge | 2 | |
| Stronghold | 1 | |
| Barracks | 1 | |
| Fortress | 1 | |
| Beastiary | 2 | |
| Great Hall | 3 | |
132 total
» build order
00:12 Altar of Storms
00:18 War Mill
00:35 Orc Burrow
01:40 Watch Tower
02:14 Watch Tower
02:20 Watch Tower
02:31 Voodoo Lounge
02:33 Orc Burrow
03:15 Watch Tower
03:16 Watch Tower
03:44 Watch Tower
03:49 Orc Burrow
03:52 Watch Tower
03:53 Watch Tower
04:38 Stronghold
04:44 Watch Tower
04:46 Watch Tower
04:56 Watch Tower
05:05 Orc Burrow
05:18 Watch Tower
05:18 Watch Tower
05:22 Watch Tower
06:02 Watch Tower
06:08 Watch Tower
06:13 Watch Tower
06:22 Watch Tower
06:33 Watch Tower
06:48 Watch Tower
06:48 Watch Tower
06:55 Barracks
07:41 Fortress
09:00 Beastiary
09:12 Watch Tower
10:19 Watch Tower
10:47 Orc Burrow
11:16 Watch Tower
11:27 Watch Tower
11:50 Watch Tower
12:33 Watch Tower
13:02 Watch Tower
14:19 Watch Tower
14:28 Great Hall
14:50 Watch Tower
15:24 Watch Tower
15:31 Watch Tower
15:32 Watch Tower
15:33 Watch Tower
15:43 Watch Tower
16:31 Great Hall
16:36 Watch Tower
16:36 Watch Tower
16:37 Watch Tower
17:09 Watch Tower
17:09 Watch Tower
17:15 Watch Tower
17:32 Voodoo Lounge
17:51 Watch Tower
17:52 Watch Tower
17:55 Watch Tower
19:20 Great Hall
19:23 Watch Tower
19:24 Watch Tower
19:25 Watch Tower
19:34 Watch Tower
19:37 Watch Tower
20:53 Watch Tower
20:54 Watch Tower
20:55 Watch Tower
20:57 Watch Tower
20:58 Watch Tower
21:30 Watch Tower
21:30 Watch Tower
21:31 Watch Tower
22:05 Watch Tower
22:06 Watch Tower
22:39 Watch Tower
22:41 Watch Tower
23:03 Watch Tower
23:36 Watch Tower
23:43 Watch Tower
24:09 Watch Tower
24:41 Watch Tower
24:49 Watch Tower
25:20 Watch Tower
25:57 Watch Tower
26:59 Beastiary
27:02 Watch Tower
27:02 Watch Tower
27:24 Watch Tower
27:24 Watch Tower
27:40 Watch Tower
27:42 Watch Tower
27:43 Watch Tower
28:04 Watch Tower
28:38 Watch Tower
28:40 Watch Tower
28:55 Watch Tower
29:45 Watch Tower
29:46 Watch Tower
30:26 Watch Tower
30:27 Watch Tower
30:57 Watch Tower
30:58 Watch Tower
31:37 Watch Tower
31:39 Watch Tower
32:34 Watch Tower
32:35 Watch Tower
32:43 Watch Tower
32:44 Watch Tower
32:54 Watch Tower
32:59 Watch Tower
33:13 Watch Tower
33:14 Watch Tower
33:15 Watch Tower
33:24 Watch Tower
33:26 Watch Tower
34:14 Watch Tower
34:18 Watch Tower
34:46 Watch Tower
34:47 Watch Tower
34:53 Watch Tower
34:59 Watch Tower
35:05 Watch Tower
35:06 Watch Tower
35:14 Watch Tower
35:38 Watch Tower
35:40 Watch Tower
36:00 War Mill
36:44 Watch Tower
36:46 Watch Tower
38:05 Watch Tower
38:09 Watch Tower
» items
| Healing Salve | 5 | |
| Lesser Clarity Potion | 9 | |
| Boots of Speed | 2 | |
| Staff of Teleportation | 3 | |
| Orb of Lightning | 2 | |
| Staff of Preservation | 1 | |
| Scroll of Town Portal | 1 | |
23 total
team 2 (winner)
GerOO (
teal | 66 APM | 2591 actions | 39:17)
7 Archmage
3 Summon Water Elemental
3 Brilliance Aura
1 Blizzard
2 Mountain King
1 Storm Bolt
1 Bash
» actions
| Assign group hotkey | 45 | |
| Basic commands | 21 | |
| Build / train | 113 | |
| ESC pressed | 3 | |
| Enter build submenu | 74 | |
| Enter hero's abilities submenu | 10 | |
| Give item / drop item | 10 | |
| Remove unit from queue | 1 | |
| Right click | 955 | |
| Select / deselect | 516 | |
| Select group hotkey | 711 | |
| Use ability | 132 | |
2591 total
» units
| Peasant | 32 | |
| Footman | 7 | |
| Rifleman | 4 | |
| Dragonhawk Rider | 2 | |
| Gryphon Rider | 12 | |
57 total
» upgrades
| Masonry | 3 | |
| Magic Sentry | 1 | |
| Lumber Harvesting | 2 | |
| Storm Hammers | 1 | |
| Cloud | 1 | |
| Armor | 1 | |
| Swords | 1 | |
10 total
» buildings
| Altar of Kings | 1 | |
| Barracks | 1 | |
| Farm | 21 | |
| Scout Tower | 21 | |
| Arcane Tower | 1 | |
| Blacksmith | 1 | |
| Lumber Mill | 1 | |
| Arcane Vault | 1 | |
| Keep | 1 | |
| Guard Tower | 11 | |
| Town Hall | 17 | |
| Gryphon Aviary | 2 | |
| Castle | 1 | |
| Arcane Sanctum | 1 | |
81 total
» build order
00:08 Altar of Kings
00:19 Barracks
00:35 Farm
01:06 Farm
01:34 Farm
01:53 Scout Tower
02:25 Arcane Tower
02:31 Blacksmith
02:54 Lumber Mill
03:04 Arcane Vault
04:46 Keep
05:02 Scout Tower
05:06 Scout Tower
05:07 Scout Tower
05:13 Scout Tower
05:19 Scout Tower
05:40 Guard Tower
05:58 Guard Tower
07:04 Scout Tower
07:38 Farm
07:52 Town Hall
08:10 Farm
08:25 Gryphon Aviary
08:33 Gryphon Aviary
08:36 Farm
09:47 Scout Tower
09:49 Scout Tower
10:41 Castle
11:07 Guard Tower
11:11 Scout Tower
11:13 Scout Tower
11:31 Farm
11:49 Guard Tower
11:51 Guard Tower
12:24 Arcane Sanctum
12:58 Town Hall
13:37 Farm
14:21 Scout Tower
14:38 Scout Tower
14:43 Scout Tower
14:44 Scout Tower
14:44 Scout Tower
14:46 Scout Tower
16:28 Guard Tower
17:02 Guard Tower
17:05 Guard Tower
17:24 Guard Tower
21:33 Farm
22:26 Town Hall
22:28 Scout Tower
22:29 Scout Tower
22:30 Scout Tower
22:35 Scout Tower
22:58 Guard Tower
23:04 Guard Tower
29:50 Farm
29:56 Farm
30:03 Farm
30:10 Farm
30:17 Farm
30:22 Farm
30:30 Farm
30:46 Farm
30:55 Farm
31:23 Farm
32:40 Farm
32:59 Farm
33:14 Town Hall
33:25 Town Hall
33:33 Town Hall
33:39 Town Hall
33:54 Town Hall
34:14 Town Hall
34:33 Town Hall
34:46 Town Hall
35:30 Town Hall
36:11 Town Hall
36:51 Town Hall
37:14 Town Hall
38:18 Town Hall
38:39 Town Hall
» items
| Scroll of Regeneration | 4 | |
| Lesser Clarity Potion | 1 | |
| Mechanical Critter | 1 | |
| Potion of Healing | 1 | |
| Scroll of Town Portal | 1 | |
| Potion of Lesser Invulnerability | 1 | |
| Scroll of Healing | 1 | |
| Tome of Retraining | 1 | |
| Dust of Appearance | 1 | |
12 total
KoUtLaS (
orange | 93 APM | 3652 actions | 39:17)
4 Blademaster
2 Wind Walk
2 Critical Strike
3 Shadow Hunter
2 Hex
1 Healing Wave
1 Pit Lord
1 Rain of Fire
» actions
| Assign group hotkey | 38 | |
| Build / train | 68 | |
| Enter build submenu | 22 | |
| Enter hero's abilities submenu | 8 | |
| Give item / drop item | 1 | |
| Remove unit from queue | 1 | |
| Right click | 1583 | |
| Select / deselect | 525 | |
| Select group hotkey | 1267 | |
| Use ability | 139 | |
3652 total
» units
| Peon | 15 | |
| Grunt | 4 | |
| Wind Rider | 12 | |
| Troll Batrider | 4 | |
| Demolisher | 2 | |
37 total
» upgrades
| Berserker Strength | 1 | |
| Armor | 1 | |
| Ranged Weapons | 1 | |
| Envenomed Spears | 1 | |
| Reinforced Defenses | 1 | |
| Liquid Fire | 1 | |
| Burning Oil | 1 | |
7 total
» buildings
| Altar of Storms | 1 | |
| Orc Burrow | 10 | |
| Barracks | 1 | |
| Voodoo Lounge | 1 | |
| Stronghold | 1 | |
| Beastiary | 2 | |
| War Mill | 1 | |
| Fortress | 1 | |
| Great Hall | 1 | |
19 total
» build order
00:07 Altar of Storms
00:18 Orc Burrow
00:34 Barracks
01:26 Orc Burrow
01:58 Voodoo Lounge
03:09 Stronghold
04:37 Orc Burrow
05:10 Orc Burrow
06:31 Beastiary
07:25 Beastiary
07:58 War Mill
09:57 Orc Burrow
11:02 Fortress
13:00 Orc Burrow
13:01 Orc Burrow
23:45 Great Hall
30:01 Orc Burrow
30:23 Orc Burrow
31:49 Orc Burrow
» items
| Healing Salve | 3 | |
| Lesser Clarity Potion | 1 | |
| Boots of Speed | 1 | |
| Dust of Appearance | 1 | |
| Scroll of Protection | 1 | |
| Scroll of Regeneration | 1 | |
8 total
Chat log
(00:09 / Allies) DrGoodmanners: worser races than last time
(00:09 / Allies) NUTSonyoCHIN.de: is like my 2v2 ell carried over
(00:16 / All) KoUtLaS: hf gros culs
(00:25 / All) NUTSonyoCHIN.de: gl hf ru
(00:29 / Allies) NUTSonyoCHIN.de: goild plz
(01:38 / Allies) DrGoodmanners: some tows if you dont minde
(01:43 / Allies) NUTSonyoCHIN.de: some lum
(01:53 / Allies) NUTSonyoCHIN.de: thought you were sneerious
(01:58 / Allies) DrGoodmanners: nah
(02:06 / Allies) DrGoodmanners: cant really with this mouse and computer
(03:36 / Allies) DrGoodmanners: kind of owned?
(04:27 / Allies) NUTSonyoCHIN.de: woioid
(04:30 / Allies) NUTSonyoCHIN.de: fuckkkkkkk
(04:44 / Allies) DrGoodmanners: fyi we need tier 3.
(04:51 / Allies) NUTSonyoCHIN.de: fyi i need wood to tech
(05:21 / Allies) DrGoodmanners: comein
(05:27 / Allies) DrGoodmanners: kill works
(05:55 / Allies) DrGoodmanners: nice job on letting other one live
(06:50 / Allies) DrGoodmanners: make some catas or something if you can i dunno
(06:56 / Allies) NUTSonyoCHIN.de: done
(07:15 / Allies) DrGoodmanners: too bad no jack
(07:17 / Allies) DrGoodmanners: or jack?
(07:20 / Allies) DrGoodmanners: noice jack
(07:43 / Allies) NUTSonyoCHIN.de: gold
(08:27 / Allies) DrGoodmanners: u wanna de damage claws
(08:33 / Allies) NUTSonyoCHIN.de: ok
(09:20 / Allies) DrGoodmanners: blast..
(10:13 / Allies) NUTSonyoCHIN.de: t3 done
(10:22 / Allies) DrGoodmanners: wanna mountaineer nowish then
(10:27 / Allies) DrGoodmanners: no harm in preparing
(10:31 / Allies) NUTSonyoCHIN.de: sure
(10:33 / Allies) NUTSonyoCHIN.de: gonna stop pults
(10:36 / Allies) NUTSonyoCHIN.de: puimpin bat now
(10:55 / Allies) DrGoodmanners: dont really think we can survive any amount of time vs hu and orc but w/e
(10:58 / Allies) DrGoodmanners: yeah
(11:06 / Allies) NUTSonyoCHIN.de: too many gold mines
(11:17 / Allies) DrGoodmanners: snare or dr maybe helps us hold a while
(11:22 / Allies) DrGoodmanners: this can be backup perch
(11:23 / Allies) DrGoodmanners: i think
(11:27 / Allies) DrGoodmanners: is buildable
(12:29 / Allies) DrGoodmanners: we need anti cloudish
(12:38 / Allies) DrGoodmanners: you wanna get a dr?
(12:46 / Allies) NUTSonyoCHIN.de: opk
(14:21 / Allies) DrGoodmanners: this really a kinda cool island
(15:07 / Allies) DrGoodmanners: noice.
(15:41 / Allies) NUTSonyoCHIN.de: gold
(15:49 / Allies) DrGoodmanners: dang
(16:41 / All) GerOO: just lamer
(16:46 / Allies) DrGoodmanners: noice
(16:50 / Allies) DrGoodmanners: truesight tows
(17:12 / Allies) NUTSonyoCHIN.de: wood
(17:34 / Allies) DrGoodmanners: i like how he goes gryphon
(17:36 / Allies) DrGoodmanners: maybe they not so good
(17:42 / Allies) NUTSonyoCHIN.de: gold?
(17:54 / Allies) DrGoodmanners: watch demos
(18:04 / Allies) DrGoodmanners: cancel this time..
(19:01 / Allies) DrGoodmanners: some bullshit disablers as usual
(19:04 / Allies) DrGoodmanners: clear trees with demos after this
(19:30 / Allies) NUTSonyoCHIN.de: gold
(19:47 / Allies) DrGoodmanners: so mains are out soon
(20:23 / Allies) DrGoodmanners: nice
(20:24 / Allies) DrGoodmanners: but wyvs...
(20:59 / Allies) DrGoodmanners: we have 3 perchable islands up and ready for tows
(21:20 / Allies) DrGoodmanners: need to tower this though
(21:21 / Allies) DrGoodmanners: walking my eternity
(22:55 / Allies) NUTSonyoCHIN.de: check
(23:13 / Allies) NUTSonyoCHIN.de: fuck
(23:15 / Allies) NUTSonyoCHIN.de: thats mad air
(23:22 / Allies) NUTSonyoCHIN.de: gold
(23:28 / Allies) DrGoodmanners: thats mad gay
(23:53 / Allies) NUTSonyoCHIN.de: gold
(23:54 / Allies) NUTSonyoCHIN.de: for bats
(23:55 / Allies) NUTSonyoCHIN.de: plese
(24:26 / Allies) DrGoodmanners: yeah that is mad air in fact
(24:37 / Allies) DrGoodmanners: might be hitting that..
(25:49 / Allies) DrGoodmanners: you can cyc if you want
(26:42 / Allies) DrGoodmanners: dddamn
(26:52 / Allies) NUTSonyoCHIN.de: lmao
(26:52 / Allies) DrGoodmanners: well
(26:53 / Allies) DrGoodmanners: worth it
(26:57 / All) GerOO: ok
(27:00 / All) DrGoodmanners: ok?
(27:07 / All) KoUtLaS: fuck u lamers
(27:14 / Allies) NUTSonyoCHIN.de: wood
(27:19 / All) GerOO: but u can win with skill and win some time without lame no?
(27:27 / All) DrGoodmanners: never
(27:31 / All) GerOO: ok
(27:31 / Allies) DrGoodmanners: man if we win this...
(27:40 / Allies) DrGoodmanners: sorry didnt see
(27:44 / Allies) DrGoodmanners: i'll try to distract
(27:49 / Allies) NUTSonyoCHIN.de: not that far fetched
(27:52 / Allies) NUTSonyoCHIN.de: these guys grade a snoobys
(28:01 / Allies) DrGoodmanners: yeah didnt look that way at the start
(28:31 / Allies) NUTSonyoCHIN.de: bats en route
(28:36 / All) GerOO: i love so much game about 1h
(28:45 / All) GerOO: but 2 hour it s better no?
(28:47 / Allies) DrGoodmanners: batting gryphs is bad practice
(28:50 / Allies) DrGoodmanners: they are the taurens of the sky
(28:53 / Allies) DrGoodmanners: wyvs otoh
(29:28 / Allies) DrGoodmanners: this island also mntnrable
(29:49 / Allies) DrGoodmanners: i'd let them have my main if they tried to attack...
(30:19 / Allies) DrGoodmanners: nevermind
(30:21 / Allies) DrGoodmanners: this island can't be worked
(30:47 / Allies) NUTSonyoCHIN.de: makin a cata
(30:50 / Allies) NUTSonyoCHIN.de: gold
(31:02 / Allies) NUTSonyoCHIN.de: oh well
(31:18 / Allies) NUTSonyoCHIN.de: you should take
(31:40 / Allies) DrGoodmanners: this little spot
(31:42 / Allies) DrGoodmanners: almost takeable
(31:58 / Allies) NUTSonyoCHIN.de: farm hiding
(31:58 / Allies) NUTSonyoCHIN.de: lmfao
(32:05 / Allies) DrGoodmanners: might be a scout
(33:33 / Allies) NUTSonyoCHIN.de: gonna be my lil siege post
(33:37 / Allies) DrGoodmanners: if it werent for all their air
(33:42 / Allies) DrGoodmanners: it could take a very long time to find our islands
(33:45 / Allies) DrGoodmanners: esp these
(33:46 / Allies) NUTSonyoCHIN.de: yeah
(33:53 / Allies) NUTSonyoCHIN.de: take
(34:05 / Allies) DrGoodmanners: is done
(34:24 / Allies) NUTSonyoCHIN.de: this tower is way up on a hill
(34:30 / Allies) DrGoodmanners: that is true
(34:32 / Allies) DrGoodmanners: should have extra range
(34:36 / Allies) NUTSonyoCHIN.de: long distance
(34:40 / Allies) NUTSonyoCHIN.de: mnake tree further
(34:54 / Allies) DrGoodmanners: i think that's too far
(34:55 / Allies) DrGoodmanners: but
(35:00 / All) KoUtLaS: just fuck you fucking motha fucking fucker noobs
(35:09 / Allies) NUTSonyoCHIN.de: wood
(35:10 / All) DrGoodmanners: ?:-)
(35:15 / All) KoUtLaS: gg lol
(35:15 / All) GerOO: dont say taht
(35:17 / All) DrGoodmanners: manner up please.
(35:21 / All) GerOO: they are just kid
(35:36 / All) KoUtLaS: fucking noobs
(35:38 / Allies) DrGoodmanners: we gotta let em win next time they attack
(35:40 / Allies) DrGoodmanners: give em 1 expo
(35:42 / Allies) NUTSonyoCHIN.de: ok
(35:42 / Allies) DrGoodmanners: least we can do
(35:49 / Allies) NUTSonyoCHIN.de: pullin back
(36:08 / Allies) NUTSonyoCHIN.de: disc hack
(36:17 / Allies) DrGoodmanners: huh
(36:22 / Allies) NUTSonyoCHIN.de: i was lagging
(37:15 / Allies) DrGoodmanners: they really are hiding then
(37:20 / Allies) NUTSonyoCHIN.de: cant relaly farm hide on this map i think
(37:26 / Allies) DrGoodmanners: i think we have
(37:32 / Allies) DrGoodmanners: can you believe this
(37:34 / Allies) NUTSonyoCHIN.de: well yeah unless uyou do what we do
(37:46 / All) GerOO: who will be the best lamer ?
(37:56 / All) NUTSonyoCHIN.de: no lame please......
(38:04 / All) GerOO: too late lamers
(38:11 / All) GerOO: so i go eat ++ kids
(38:12 / Allies) DrGoodmanners: we need towers at top islands now
(38:13 / All) NUTSonyoCHIN.de: waste of my f*cking time......
(38:16 / All) KoUtLaS: xD
(38:37 / Allies) NUTSonyoCHIN.de: shit
(38:38 / Allies) DrGoodmanners: this is gay
(38:41 / Allies) DrGoodmanners: they've totally given up
(38:42 / Allies) NUTSonyoCHIN.de: i cant yomp a worker across
(38:48 / Allies) NUTSonyoCHIN.de: wanna quit
(38:57 / Allies) DrGoodmanners: i guess
(39:00 / All) KoUtLaS: bye
(39:01 / Allies) DrGoodmanners: winning kind of a waste of time
(39:05 / All) NUTSonyoCHIN.de: why pussy little noob give up
(39:07 / All) NUTSonyoCHIN.de: roflmao
(39:13 / Allies) NUTSonyoCHIN.de: grabbin mac and cheese, one second please